 Dungeon Crawl Stone Soup version 0.22.1-2-g9c5b331 (webtiles) character file.

746 voilodion the Digger (level 8, -7/54 HPs)
             Began as a Formicid Earth Elementalist on Dec 2, 2018.
             Was a Priest of Kikubaaqudgha.
             Mangled by a shadow (10 damage)
             ... summoned by miscasting Animate Dead
             ... on level 4 of the Dungeon.
             The game lasted 00:45:58 (3423 turns).

voilodion the Digger (Formicid Earth Elementalist)  Turns: 3423, Time: 00:45:59

Health: -7/54      AC:  3    Str: 13    XL:     8   Next: 5%
Magic:  1/15       EV: 12    Int: 17    God:    Kikubaaqudgha [***...]
Gold:   338        SH:  0    Dex: 11    Spells: 7/17 levels left

rFire    + . .     SeeInvis +   p - +0 dagger
rCold    x . .     Gourm    .   (no shield)
rNeg     + . .     Faith    .   J - +0 animal skin
rPois    .         Spirit   .   (helmet unavailable)
rElec    .         Reflect  .   L - +0 cloak
rCorr    .         Harm     .   (no gloves)
MR       .....                  (no boots)
Stlth    ++........             (no amulet)
HPRegen  0.18/turn              w - ring of positive energy
MPRegen  0.14/turn              N - ring of fire

@: very slightly contaminated
A: permanent stasis, dig shafts and tunnels, four strong arms, antennae 3
a: Dig, Shaft Self, Receive Corpses, Renounce Religion


You were on level 4 of the Dungeon.
You worshipped Kikubaaqudgha.
Kikubaaqudgha was most pleased with you.
You were not hungry.

You visited 1 branch of the dungeon, and saw 4 of its levels.

You collected 338 gold pieces.

Inventory:

Hand Weapons
 f - a +0 club
 i - a +0 club
 j - a +0 club
 n - a cursed -2 short sword
 o - a +0 hand axe
 p - a +0 dagger (weapon)
 q - a +0 hunting sling
 s - a +0 giant club
 x - a +0 club
 y - a +0 club
 B - a +0 dagger
 C - a +0 hunting sling
 D - a +0 club
 F - a +0 blowgun
 G - a +0 whip
 I - a +0 club
 M - a +0 short sword
 O - a +0 dagger
 P - a cursed +0 club
 Q - a +0 dagger
 R - a +0 club
 S - a cursed +0 whip
 T - a +0 club
 U - a +0 club
 W - a +0 whip
 X - a +0 short sword
Missiles
 b - 13 stones (quivered)
 h - 6 javelins
 k - 4 exploding tomahawks
 l - 52 arrows
 m - 62 sling bullets
 z - 21 bolts
 H - 29 poisoned needles
Armour
 c - a +0 robe
 r - a +0 robe
 A - a +0 robe
 E - a +3 ring mail
 J - a +0 animal skin (worn)
 K - a +0 helmet
 L - a +0 cloak (worn)
Jewellery
 w - a ring of positive energy (left hand)
 N - a ring of fire (right hand)
Wands
 v - a wand of clouds (5)
 V - a wand of acid (8)
Scrolls
 a - 2 scrolls of fear
 e - a scroll of remove curse
 g - 2 scrolls of teleportation
 t - a scroll of fog {unknown}
 u - 4 scrolls of identify
Comestibles
 d - 5 rations


   Skills:
 + Level 1.1 Fighting
 + Level 0.5 Short Blades
 + Level 0.1 Maces & Flails
 + Level 2.5 Dodging
 + Level 3.2 Stealth
 + Level 0.3 Unarmed Combat
 + Level 5.2 Spellcasting
 + Level 1.9 Charms
 + Level 0.3 Summonings
 + Level 0.5 Necromancy
   Level 1.1 Transmutations
 + Level 7.3 Earth Magic
 + Level 0.2 Evocations


You had 7 spell levels left.
You knew the following spells:

 Your Spells              Type           Power        Failure   Level  Hunger
a - Sandblast             Erth           ####..       1%          1    None
b - Regeneration          Chrm/Necr      #.........   26%         3    ###....
c - Call Imp              Summ           #.......     19%         2    #......
d - Animate Dead          Necr           N/A          75%         4    ####...

Your spell library contained the following spells:

 Spells                   Type           Power        Failure   Level  Hunger
 Passwall                 Tmut/Erth      ###.....     3%          2    #......
 Stone Arrow              Conj/Erth      ###...       10%         3    ###....
 Pain                     Necr           #...         12%         1    None
 Magic Dart               Conj           #...         14%         1    None
 Corpse Rot               Necr           N/A          17%         2    #......
 Sublimation of Blood     Necr           #.........   17%         2    #......
 Lee's Rapid Deconstruct  Erth           ####......   19%         5    ######.
 Slow                     Hex            #.......     22%         2    #......
 Petrify                  Tmut/Erth      ###.....     24%         4    ####...
 Conjure Flame            Conj/Fire      #.......     38%         3    ###....
 Mephitic Cloud           Conj/Pois/Air  #.......     38%         3    ###....
 Borgnjor's Vile Clutch   Necr/Erth      ###.......   61%         5    ######.
 Agony                    Necr           #.......     97%         5    ######.
 Dispel Undead            Necr           #.......     97%         5    ######.
 Bolt of Draining         Conj/Necr      #.........   98%         5    ######.
 Blink                    Tloc           Unusable     N/A         2    N/A

Dungeon Overview and Level Annotations

Branches:
Dungeon (4/15)
 Temple: D:4-7

Altars:
Ashenzari
Dithmenos
Kikubaaqudgha
Xom


Innate Abilities, Weirdness & Mutations

You cannot be hasted, slowed, berserked, paralysed or teleported.
You can dig through walls and to a lower floor.
Your four strong arms can wield two-handed weapons with a shield.
You have a pair of large antennae on your head. (SInv)


Message History

Press: ? - help, Shift-Dir - straight line, f/p - shadow
Aim: a shadow (lightly damaged, slightly transparent, summoned)
The blast of sand hits the shadow.
The shadow is heavily damaged.
b - 14 stones The shadow hits you!
* * * LOW HITPOINT WARNING * * *
Casting: Sandblast (safe; 1% risk of failure)
Confirm with . or Enter, or press ? or * to list all spells.
Aiming: Sandblast (safe; 1% risk of failure)
Press: ? - help, Shift-Dir - straight line, f/p - shadow
Aim: a shadow (moderately damaged, summoned)
The blast of sand hits the shadow.
The shadow is heavily damaged.
b - 13 stones The shadow hits you!
* * * LOW HITPOINT WARNING * * *
The shadow hits you!
You die...
Kikubaaqudgha rasps: "You have failed me!
Welcome... death!"

≈.#.# # #.
###.##.##.# ≈).)#
... .... .. #.#
..... #..#...
#.##.### .#...
#....## #'#....##
.#.. #...#
#.#####.## #...#
#'.[.##.# #...#
#....)#.# #..##
###.....#.#
#.@W####.÷.....#.#
#....))÷÷##...##.#
##.######.#####.##
#.# #......# #.#
####...# #.# ##.##
#.# #..# #.# ##.##
#.# #..#


You could see a shadow.

Vanquished Creatures
  A phantom (D:4)
  3 ogres (D:4)
  A bullfrog (D:3)
  A scorpion (D:4)
  An orc priest (D:4)
  An iguana (D:3)
  A worker ant (D:4)
  Robin (D:3)
  4 gnolls (D:4)
  5 adders
  4 worms
  11 dart slugs
  4 leopard geckos
  5 orcs (D:4)
  A ball python (D:3)
  5 bats
  7 giant cockroaches
  14 hobgoblins
  5 kobolds
  5 frilled lizards
  7 goblins
  8 rats
95 creatures vanquished.

Vanquished Creatures (collateral kills)
  A dart slug (D:4)
  An orc (D:4)
2 creatures vanquished.

Grand Total: 97 creatures vanquished

Notes
Turn   | Place    | Note
-------+----------+-------------------------------------------
     0 | D:1      | voilodion the Formicid Earth Elementalist began the quest
                  | for the Orb.
     0 | D:1      | Reached XP level 1. HP: 13/13 MP: 3/3
   224 | D:1      | Reached skill level 4 in Earth Magic
   224 | D:1      | Reached XP level 2. HP: 13/19 MP: 3/5
   515 | D:1      | Reached XP level 3. HP: 23/24 MP: 6/6
  1070 | D:2      | Found a shimmering altar of Xom.
  1199 | D:2      | Found a faded altar of an unknown god.
  1205 | D:2      | Became a worshipper of Kikubaaqudgha
  1205 | D:2      | Reached * piety under Kikubaaqudgha
  1205 | D:2      | Identified Kikubaaqudgha's Volume of Necromancy
                  | (Kikubaaqudgha gifted it to you on level 2 of the Dungeon)
  1205 | D:2      | Received a gift from Kikubaaqudgha
  1215 | D:2      | Learned a level 3 spell: Regeneration
  1285 | D:2      | Reached XP level 4. HP: 30/30 MP: 5/7
  1701 | D:3      | Noticed Robin
  1800 | D:3      | Killed Robin
  1833 | D:3      | Reached ** piety under Kikubaaqudgha
  1833 | D:3      | Reached XP level 5. HP: 12/36 MP: 0/9
  1856 | D:3      | Reached skill level 5 in Earth Magic
  1966 | D:3      | Noticed a bullfrog
  1974 | D:3      | Killed a bullfrog
  2377 | D:3      | Reached XP level 6. HP: 12/42 MP: 4/11
  2382 | D:3      | Learned a level 2 spell: Call Imp
  2386 | D:3      | Found an ancient bone altar of Kikubaaqudgha.
  2420 | D:3      | Found a shadowy altar of Dithmenos.
  2736 | D:4      | Noticed an ogre
  2756 | D:4      | Killed an ogre
  2783 | D:4      | Found a shattered altar of Ashenzari.
  2808 | D:4      | Reached skill level 6 in Earth Magic
  2808 | D:4      | Reached XP level 7. HP: 11/47 MP: 1/13
  3031 | D:4      | Reached skill level 1 in Charms
  3051 | D:4      | Reached skill level 1 in Fighting
  3051 | D:4      | Reached skill level 7 in Earth Magic
  3072 | D:4      | Reached *** piety under Kikubaaqudgha
  3072 | D:4      | Identified Kikubaaqudgha's Collected Works on Darkness
                  | (Kikubaaqudgha gifted it to you on level 4 of the Dungeon)
  3072 | D:4      | Received a gift from Kikubaaqudgha
  3083 | D:4      | Learned a level 4 spell: Animate Dead
  3168 | D:4      | HP: 1/48 [orc priest/nerve-wracking pain (2)]
  3405 | D:4      | Noticed a shadow
  3405 | D:4      | Noticed a shadow
  3411 | D:4      | Reached skill level 5 in Spellcasting
  3411 | D:4      | Reached XP level 8. HP: 32/54 MP: 8/15
  3420 | D:4      | HP: 2/54 [shadow[miscasting Animate Dead] (11)]
  3423 | D:4      | Mangled by a shadow

Skill      XL: |  1  2  3  4  5  6  7 |
---------------+----------------------+-----
Earth Magic    | 4 5 6 7 |  7.3
Dodging        | 2 |  2.5
Stealth        | 3 |  3.2
Spellcasting   | 3 4 5 |  5.2
Charms         | 1 |  1.9
Fighting       | 1 |  1.1
Short Blades   | |  0.5
Maces & Flails | |  0.1
Unarmed Combat | |  0.3
Summonings     | |  0.3
Necromancy     | |  0.5
Transmutations | |  1.1
Evocations     | |  0.2

Action                   |  1- 3 |  4- 6 |  7- 9 || total
-------------------------+-------+-------+-------++-------
Melee: Unarmed           |    33 |       |       ||    33
       Club              |    27 |       |       ||    27
       Dagger            |    16 |    66 |    27 ||   109
Throw: Stone             |     4 |       |       ||     4
 Cast: Sandblast         |    32 |    68 |    39 ||   139
       Regeneration      |       |     4 |     2 ||     6
       Call Imp          |       |     3 |     1 ||     4
 Abil: Dig               |     1 |       |       ||     1
Evoke: Wand              |       |       |     2 ||     2
  Use: Scroll            |     1 |     4 |       ||     5
       Potion            |       |     7 |       ||     7
 Stab: Sleeping          |     1 |       |       ||     1
  Eat: Ration            |     1 |     2 |       ||     3
Armor: Robe              |    16 |     8 |       ||    24
       Animal skin       |       |     4 |     4 ||     8
Dodge: Dodged            |    61 |    52 |    26 ||   139
